 Dungeon Crawl Stone Soup version 0.31.0-7-gf635a9b802 (webtiles) character file.

Game seed: 325808751280992169

13584 Armakuni the Skirmisher (level 11, -2/72 HPs)
             Began as a Deep Elf Gladiator on Jan 24, 2024.
             Was a Believer of the Shining One.
             Slain by a death yak (13 damage)
             ... on level 2 of the Lair of Beasts.
             The game lasted 00:32:54 (12003 turns).

Armakuni the Skirmisher (Deep Elf Gladiator)       Turns: 12003, Time: 00:32:55

Health: -2/72      AC: 15    Str: 13    XL:     11   Next: 77%
Magic:  13/14      EV: 26    Int: 14    God:    the Shining One [**....]
Gold:   568        SH:  7    Dex: 18    Spells: 10/10 levels left

rFire   . . .        a - +2 sling (heavy)
rCold   . . .        (no shield)
rNeg    + . .        j - +0 acid dragon scales
rPois   +            c - +1 helmet
rElec   .            t - +0 cloak {rPois}
rCorr   +            r - +2 pair of gloves
SInv    .            D - +0 pair of boots
Will    +....        U - amulet of faith
Stlth   +            E - +5 ring of evasion
HPRegen 0.32/turn    V - +5 ring of evasion
MPRegen 0.14/turn

%: faith
@: divinely shielded, about to teleport, glowing
A: no striking features
a: Renounce Religion, Divine Shield


You were on level 2 of the Lair of Beasts.
You worshipped the Shining One.
The Shining One was pleased with you.
You visited 3 branches of the dungeon, and saw 14 of its levels.
You also visited: Ossuary.

You collected 844 gold pieces.
You spent 276 gold pieces at shops.

Inventory:

Hand Weapons
 a - a +2 heavy sling (weapon)
 b - a +2 whip of venom
 i - a +0 scimitar
Missiles
 y - 4 javelins
 G - a throwing net
Armour
 c - a +1 helmet (worn)
 j - +0 acid dragon scales (worn)
 k - a +2 leather armour of willpower
 r - a +2 pair of gloves (worn)
 t - a +0 cloak of poison resistance (worn)
 x - the +0 helmet "Papasaf" {rF- Int+4 Dex+5}
   (You found it on level 7 of the Dungeon)

   Int+4:     It affects your intelligence (+4).
   Dex+5:     It affects your dexterity (+5).
   rF-:       It makes you vulnerable to fire.
 A - a scarf of resistance
 D - a +0 pair of boots (worn)
Jewellery
 w - a ring of ice
 E - a +5 ring of evasion (left hand)
 I - a +6 ring of intelligence
 M - an amulet of magic regeneration
 U - an amulet of faith (around neck)
 V - a +5 ring of evasion (right hand)
Wands
 l - a wand of paralysis (6)
 m - a wand of mindburst (8)
 p - a wand of polymorph (18)
 s - a wand of flame (20)
Scrolls
 f - 4 scrolls of noise
 g - a scroll of teleportation
 B - a scroll of poison
 C - a scroll of blinking
Potions
 d - 2 potions of degeneration {unknown}
 e - 4 potions of brilliance
 h - a potion of berserk rage
 n - 8 potions of curing
 o - a potion of enlightenment {unknown}
 q - a potion of attraction {unknown}
 u - 4 potions of ambrosia
 v - 2 potions of might
 z - a potion of heal wounds
 X - 4 potions of mutation


   Skills:
 - Level 10.0 Fighting
 - Level 3.1 Long Blades
 + Level 14.7 Ranged Weapons
 - Level 2.0 Throwing
 - Level 5.0 Armour
 - Level 9.0 Dodging
 - Level 2.0 Invocations
 - Level 3.0 Evocations


You had 10 spell levels left.
You didn't know any spells.
Your spell library contained the following spells:

 Spells                   Type           Power      Damage    Failure   Level
 Freeze                   Ice            0%         1d3       38%         1
 Sting                    Conj/Alch      0%         1d3       38%         1
 Blink                    Tloc           0%         N/A       52%         2
 Lesser Beckoning         Tloc           0%         N/A       52%         2
 Mercury Vapours          Alch/Air       0%         N/A       52%         2
 Momentum Strike          Conj/Tloc      0%         3d8       52%         2
 Frozen Ramparts          Ice            0%         1d1       77%         3
 Hailstorm                Conj/Ice       0%         3d5       77%         3
 Olgreb's Toxic Radiance  Alch           0%         N/A       99%         4


Dungeon Overview and Level Annotations

Branches:
Dungeon (11/15)            Temple (1/1) D:4            Lair (2/5) D:8
    Orc (0/2) D:10        Ossuary (visited)
  Swamp: Lair:2-3    Shoals: Lair:2-3     Snake: Lair:2-3    Spider: Lair:2-3

Altars:
Ashenzari
Cheibriados
Dithmenos
Elyvilon
Fedhas
Gozag
Hepliaklqana
Kikubaaqudgha
Makhleb
Nemelex Xobeh
Okawaru
Qazlal
Ru
Sif Muna
Trog
Uskayaw
Vehumet
Wu Jian
Xom
Yredelemnul
Zin
The Shining One

Shops:
D:6 (

Annotations:
D:7 2 transporters, nms23's ghost, novice MiBe


Message History

The yak bellows!
The sling bullet hits the death yak!
The death yak is moderately wounded.
You hear a trumpeting!
The death yak completely misses you. The death yak gores you!
Fire: a) +2 sling (heavy)
Press: ? - help, Q - select action, (/) - cycle Shift-Dir - straight line, f/p - death yak
Aim: a death yak (moderately wounded, haloed, 97% to hit)
You shoot a sling bullet.
The sling bullet hits the death yak but does no damage.
The death yak is moderately wounded.
The death yak completely misses you. The death yak gores you.
Fire: a) +2 sling (heavy)
Press: ? - help, Q - select action, (/) - cycle Shift-Dir - straight line, f/p - death yak
Aim: a death yak (moderately wounded, haloed, 97% to hit)
You shoot a sling bullet. The sling bullet hits the death yak.
The death yak is moderately wounded.
The death yak gores you!!
The death yak gores you but does no damage.
As you read the scroll of teleportation, it crumbles to dust.
You feel strangely unstable. You block the death yak's attack.
The death yak gores you.
Fire: a) +2 sling (heavy)
Press: ? - help, Q - select action, (/) - cycle Shift-Dir - straight line, f/p - death yak
Aim: a death yak (moderately wounded, haloed, 97% to hit)
You shoot a sling bullet.
The sling bullet hits the death yak but does no damage.
The death yak is moderately wounded.
The death yak gores you.
* * * LOW HITPOINT WARNING * * *
The death yak barely misses you.
Fire: a) +2 sling (heavy)
Press: ? - help, Q - select action, (/) - cycle Shift-Dir - straight line, f/p - death yak
Aim: a death yak (moderately wounded, haloed, 97% to hit)
You shoot a sling bullet. The sling bullet hits the death yak.
The death yak is moderately wounded.
The death yak gores you!
* * * LOW HITPOINT WARNING * * *
The death yak gores you!
You die...

### #@#####
#YYY..#
##Y†...###
##.......P#
###.##.....##
##.........##
#...........#
##.........##
...
#..Y......##
.....


You could see 2 death yaks and 2 yaks.

Vanquished Creatures
  3 two-headed ogres
  A death yak (Lair:2)
  Pikel (D:6)
  Maurice (D:7)
  2 cane toads
  Maggie (D:6)
  5 komodo dragons
  A troll (D:9)
  A queen bee (D:10)
  A polar bear (Lair:2)
  Grinder (D:4)
  2 shadows
  A vampire (D:7)
  A wyvern (Lair:2)
  2 yaks (Lair:2)
  Eustachio (D:5)
  A wraith (D:9)
  2 steam dragons
  3 vampire mosquitoes (D:10)
  Menkaure (D:6)
  6 water moccasins
  A sky beast (D:8)
  4 orc warriors
  3 ogres
  2 ice beasts
  A black bear (D:5)
  3 centaurs
  2 phantoms (D:4)
  A lemure (D:6)
  2 kobold brigands
  2 elf zombies (Ossuary)
  A brain worm (D:4)
  12 bullfrogs
  3 scorpions
  22 killer bees
  5 howler monkeys
  An electric eel (D:9)
  A bombardier beetle (D:4)
  A spectral bullfrog (Ossuary)
  5 human zombies (Ossuary)
  3 hounds
  3 jellies
  2 gnoll boudas
  2 orc priests
  4 iguanas
  An orc wizard (D:10)
  2 crocodile zombies (Ossuary)
  3 spectral hounds (Ossuary)
  3 mummies (Ossuary)
  7 gnolls
  7 adders
  2 hound simulacra (Ossuary)
  2 ufetubi (D:5)
  A spectral adder (Ossuary)
  A spectral gnoll (Ossuary)
  2 ribbon worms
  4 dart slugs
  An adder simulacrum (Ossuary)
  22 orcs
  9 endoplasms
  2 giant cockroaches (D:4)
  10 goblins
  8 hobgoblins
  12 jackals
  10 kobolds
  3 quokkas
  10 ball pythons
  2 bats (D:3)
  7 frilled lizards
  2 gnoll simulacra (Ossuary)
  3 gnoll zombies (Ossuary)
  4 jackal simulacra (Ossuary)
  5 kobold zombies (Ossuary)
  8 orc zombies (Ossuary)
  3 rats
  4 spectral jackals (Ossuary)
284 creatures vanquished.

Notes
Turn   | Place    | Note
-------+----------+-------------------------------------------
     0 | D:1      | Armakuni the Deep Elf Gladiator began the quest for the
                  | Orb.
     0 | D:1      | Reached XP level 1. HP: 12/12 MP: 3/3
    75 | D:1      | Reached XP level 2. HP: 17/17 MP: 4/4
   234 | D:1      | Reached skill level 1 in Ranged Weapons
   370 | D:1      | Reached XP level 3. HP: 21/21 MP: 5/5
   634 | D:2      | Reached skill level 2 in Ranged Weapons
  1060 | D:2      | Found a stormy altar of Qazlal.
  1512 | D:2      | Reached XP level 4. HP: 24/27 MP: 6/6
  2265 | D:4      | Reached skill level 3 in Ranged Weapons
  2265 | D:4      | Reached XP level 5. HP: 22/32 MP: 7/7
  2780 | D:4      | Noticed a phantom
  2871 | D:4      | Found a radiant altar of Vehumet.
  2910 | D:4      | Killed a phantom
  2911 | D:4      | Reached skill level 5 in Ranged Weapons
  2948 | D:4      | Noticed Grinder
  2950 | D:4      | Paralysed by Grinder for 2 turns
  3016 | D:4      | Killed Grinder
  3017 | D:4      | Reached skill level 7 in Ranged Weapons
  3017 | D:4      | Reached XP level 6. HP: 24/37 MP: 8/8
  3112 | D:4      | Reached XP level 7. HP: 41/41 MP: 9/9
  3119 | D:4      | Noticed Blork the orc
  3163 | D:4      | Blork the orc changed into Blork the brain worm
  3163 | D:4      | Noticed Blork
  3165 | D:4      | Killed Blork the brain worm
  3166 | D:4      | Reached skill level 8 in Ranged Weapons
  3226 | D:4      | Reached skill level 9 in Ranged Weapons
  3375 | D:4      | Found a staircase to the Ecumenical Temple.
  3432 | Temple   | Entered the Ecumenical Temple
  3684 | D:4      | Reached skill level 10 in Ranged Weapons
  3725 | D:5      | Entered Level 5 of the Dungeon
  3849 | D:5      | Reached XP level 8. HP: 47/47 MP: 10/10
  4100 | D:5      | Noticed Eustachio
  4128 | D:5      | Killed Eustachio
  4129 | D:5      | Reached skill level 11 in Ranged Weapons
  4259 | D:5      | Found a sand-covered staircase.
  4265 | Ossuary  | Entered an ossuary
  4417 | Ossuary  | Reached skill level 12 in Ranged Weapons
  4703 | Ossuary  | Reached skill level 13 in Ranged Weapons
  5193 | D:6      | Noticed Pikel
  5219 | D:6      | Killed Pikel
  5220 | D:6      | Reached skill level 14 in Ranged Weapons
  5220 | D:6      | Reached XP level 9. HP: 46/52 MP: 11/11
  5302 | D:6      | Noticed Menkaure
  5305 | D:6      | Killed Menkaure
  5306 | D:6      | Reached skill level 5 in Fighting
  5357 | D:6      | Found Hawolohu's Antique Weapon Shop.
  5374 | D:6      | Bought a warped great sword for 276 gold pieces
  5374 | D:6      | Identified the +1 great sword of Ozxoimn {drain, rF- Int+4
                  | Dex+3} (You bought it in a shop on level 6 of the Dungeon)
  5448 | D:6      | Noticed Maggie
  5471 | D:6      | Killed Maggie
  5610 | D:6      | Found a glowing golden altar of the Shining One.
  5610 | D:6      | Found a white marble altar of Elyvilon.
  5611 | D:6      | Found a glowing silver altar of Zin.
  5628 | D:6      | Became a worshipper of the Shining One
  6663 | D:7      | Noticed nms23's ghost (novice MiBe)
  6665 | D:7      | Noticed a moth of wrath
  6672 | D:7      | Found a transporter.
  6712 | D:7      | Noticed Maurice
  6717 | D:7      | Killed Maurice
  7043 | D:7      | Reached skill level 1 in Invocations
  7043 | D:7      | Reached skill level 1 in Evocations
  7050 | D:7      | Found a transporter.
  7060 | D:7      | Found a bloodstained altar of Trog.
  7062 | D:7      | Identified the +0 helmet "Papasaf" {rF- Int+4 Dex+5}
  7106 | D:7      | Reached XP level 10. HP: 62/63 MP: 12/12
  7671 | D:8      | Reached * piety under the Shining One
  7794 | D:8      | Noticed a two-headed ogre
  7804 | D:8      | Killed a two-headed ogre
  7843 | D:8      | Found a staircase to the Lair.
  8159 | D:8      | Noticed a two-headed ogre
  8332 | D:8      | Killed a two-headed ogre
  8505 | D:9      | Found a snail-covered altar of Cheibriados.
  8506 | D:9      | Found a sparkling altar of Nemelex Xobeh.
  8969 | D:9      | Found an iron altar of Okawaru.
  9311 | D:10     | Entered Level 10 of the Dungeon
  9549 | D:10     | Found a basalt altar of Yredelemnul.
  9665 | D:10     | Reached skill level 10 in Fighting
  9710 | D:10     | Found a staircase to the Orcish Mines.
  9758 | D:10     | Found a stormy altar of Qazlal.
  9772 | D:10     | Found a sacrificial altar of Ru.
  9881 | D:10     | Reached XP level 11. HP: 72/72 MP: 14/14
  9883 | D:10     | Noticed a two-headed ogre
  9905 | D:10     | Killed a two-headed ogre
 10070 | D:10     | Reached skill level 5 in Dodging
 10324 | D:11     | Noticed a tengu warrior
 10328 | D:11     | Noticed a boulder beetle
 10436 | Lair:1   | Entered Level 1 of the Lair of Beasts
 10763 | Lair:1   | Reached ** piety under the Shining One
 10919 | Lair:1   | Reached skill level 5 in Armour
 11644 | Lair:2   | Noticed an eight-headed hydra
 11678 | Lair:2   | Noticed a death yak
 11679 | Lair:2   | Noticed a death yak
 11681 | Lair:2   | Noticed a death yak
 11921 | Lair:2   | Killed a death yak
 12003 | Lair:2   | Slain by a death yak

Illustrated notes

Levels and vault maps discovered:
D:1:      minmay_arrival_radiant_lines, layout_rooms, minmay_hexomino_r4
D:2:      layout_basic, basic_altar, minivault_26, serial_bayou_ford_a
D:3:      layout_loops_cross, ebering_dispersal_statue_hall
D:4:      layout_basic, old_standard_altar, minmay_temple_entry_gardened_gates,
          uniq_grinder, uniq_blork_the_orc
D:5:      layout_loops_corners, lightli_ossuary_entry_decrepit_ruins,
          minmay_gold_behind_fungi, uniq_eustachio
D:6:      layout_layer_cave, good_gods_temple_1, kennysheep_path_1,
          grunt_ministairs_12, kennysheep_small_square, uniq_menkaure,
          uniq_pikel, uniq_maggie
D:7:      layout_basic, gammafunk_ghost_wrathful_warriors,
          kennysheep_generic_room_2, uniq_maurice
D:8:      layout_basic, lair_entry_dummy
D:9:      layout_roguey, nicolae_overflow_squiral, lemuel_doored_altar,
          kennysheep_generic_room_11
D:10:     layout_roguey, old_standard_altar, mainiacjoe_overflow_big_doors,
          orc_0_dummy, kennysheep_big_empty_room, minivault_7
D:11:     layout_loops_corners, ploomutoo_gammafunk_ghost_potion_laboratory,
          kb_rosetta
Temple:   nicolae_temple_hex_pool
Lair:1:   layout_chaotic_city
Lair:2:   layout_gridlike

Skill      XL: |  1  2  3  4  5  6  7  8  9 10 11 |
---------------+----------------------------------+-----
Long Blades    | 3 |  3.1
Ranged Weapons | 1 2 3 7 10 14 | 14.7
Fighting       | 2 3 4 7 10 | 10.0
Armour         | 2 5 |  5.0
Invocations    | 1 2 |  2.0
Evocations     | 1 3 |  3.0
Dodging        | 4 9 |  9.0
Throwing       | |  2.0

Action                     |  1- 3 |  4- 6 |  7- 9 | 10-12 || total
---------------------------+-------+-------+-------+-------++-------
  Melee: Long sword        |   104 |    74 |       |       ||   178
         Punch             |     1 |       |       |       ||     1
         Dagger            |       |     6 |       |       ||     6
   Fire: Sling             |       |    86 |   418 |   444 ||   948
  Throw: Throwing net      |     1 |       |     1 |     4 ||     6
 Invoke: Divine Shield     |       |       |       |     6 ||     6
  Evoke: Wand              |       |       |     5 |     4 ||     9
    Use: Scroll            |     4 |     4 |     8 |    16 ||    32
         Potion            |       |       |     4 |       ||     4
   Stab: Held in net/web   |     1 |       |       |       ||     1
 Armour: Leather armour    |    51 |    15 |    58 |       ||   124
         Ring mail         |       |    59 |    34 |       ||    93
         Skin              |       |       |     1 |       ||     1
         Acid dragon scale |       |       |     9 |   131 ||   140
  Dodge: Dodged            |    54 |   127 |   228 |   363 ||   772
  Block: Other             |       |       |       |    12 ||    12
